 Dungeon Crawl Stone Soup version 0.29.1-1-gd02db6906a (webtiles) character file.

Game seed: 14571463305817092235

1941 avis the Shooter (level 8, -2/61 HPs)
             Began as a Demigod Ice Elementalist on Sept 27, 2022.
             Slain by an orc
             ... wielding a +0 trident
              (5 damage)
             ... on level 6 of the Dungeon.
             The game lasted 00:39:25 (6308 turns).

avis the Shooter (Demigod Ice Elementalist)         Turns: 6308, Time: 00:39:27

Health: -2/61      AC: 14    Str: 15    XL:     8   Next: 66%
Magic:  13/15      EV: 13    Int: 17    God:
Gold:   294        SH:  0    Dex: 22    Spells: 9/13 levels left

rFire   . . .      SeeInvis .   w - +0 flail (protect)
rCold   . . .      Faith    .   (no shield)
rNeg    . . .      Spirit   .   i - +2 robe of the Intense God {Will+}
rPois   +          Reflect  .   E - +1 helmet
rElec   .          Harm     .   q - +0 cloak
rCorr   .          Rampage  .   (no gloves)
Will    +....                   (no boots)
Stlth   ++........              e - amulet of magic regeneration
HPRegen 0.20/turn               o - ring of poison resistance
MPRegen 0.54/turn               t - +6 ring of strength

@: ice-armoured, flying
A: high MP 1, forlorn, divine attributes
a: no special abilities


You were on level 6 of the Dungeon.
You visited 2 branches of the dungeon, and saw 7 of its levels.

You collected 294 gold pieces.

Inventory:

Hand Weapons
 a - a +0 sling of flaming
 b - a +3 dagger of speed
 w - a +0 flail of protection (weapon)
 y - a +3 dagger
 H - a +1 rapier of holy wrath
 O - a +2 dagger of venom
Missiles
 u - 8 poisoned darts
 z - a curare-tipped dart
 P - 3 atropa-tipped darts
Armour
 i - the +2 robe of the Intense God (worn) {Will+}
   (You found it on level 5 of the Dungeon)

   Will:      It increases your willpower.
 k - an orb of wrath
 q - a +0 cloak (worn)
 C - a +3 leather armour
 E - a +1 helmet (worn)
 F - a +1 ring mail of poison resistance
 I - a scarf of harm
Jewellery
 e - an amulet of magic regeneration (around neck)
 o - a ring of poison resistance (left hand)
 t - a +6 ring of strength (right hand)
 G - a ring of see invisible
Wands
 A - a wand of mindburst (16)
Scrolls
 c - a scroll of blinking {unknown}
 j - 3 scrolls of teleportation {unknown}
 m - 3 scrolls of amnesia
 p - a scroll of noise {unknown}
 r - a scroll of torment {unknown}
 v - a scroll of brand weapon {unknown}
 B - 2 scrolls of enchant armour {unknown}
 D - a scroll of vulnerability {unknown}
 J - a scroll of silence {unknown}
 K - a scroll of acquirement {unknown}
 L - 2 scrolls of identify {unknown}
 M - a scroll of summoning {unknown}
Potions
 d - a potion of berserk rage {unknown}
 f - 3 potions of curing
 g - a potion of flight
 h - 2 potions of degeneration {unknown}
 l - 2 potions of brilliance {unknown}
 n - a potion of attraction {unknown}
 s - 3 potions of magic
 x - a potion of might {unknown}
 N - a potion of lignification {unknown}


   Skills:
 - Level 2.0 Fighting
 * Level 7.9 Ranged Weapons
 - Level 2.0 Dodging
 - Level 2.0 Stealth
 - Level 3.0 Spellcasting
 + Level 7.1 Ice Magic


You had 9 spell levels left.
You knew the following spells:

 Your Spells              Type           Power      Damage    Failure   Level
a - Freeze                Ice            100%       1d11      1%          1
o - Ozocubu's Armour      Ice            26%        N/A       2%          3

Your spell library contained the following spells:

 Spells                   Type           Power      Damage    Failure   Level
 Frozen Ramparts          Ice            52%        1d8       2%          3
 Beastly Appendage        Tmut           4%         N/A       17%         1
 Foxfire                  Conj/Fire      8%         2x1d4     17%         1
 Magic Dart               Conj           8%         1d3       17%         1
 Call Imp                 Summ           2%         N/A       26%         2
 Wereblood                Tmut           2%         N/A       26%         2
 Hailstorm                Conj/Ice       14%        3d5       38%         4
 Conjure Flame            Conj/Fire      2%         6-21      45%         3
 Inner Flame              Hex/Fire       2%         N/A       45%         3
 Mephitic Cloud           Conj/Pois/Air  2%         N/A       45%         3
 Portal Projectile        Hex/Tloc       4%         N/A       45%         3
 Spider Form              Tmut/Pois      2%         N/A       45%         3
 Tukima's Dance           Hex            2%         N/A       45%         3
 Flame Wave               Conj/Fire      2%         2d4       86%         4
 Blade Hands              Tmut           1%         N/A       99%         5


Dungeon Overview and Level Annotations

Branches:
Dungeon (6/15)             Temple (1/1) D:5

Annotations:
D:4 2 transporters, Arandomuser85's ghost, novice HOBe


Innate Abilities, Weirdness & Mutations

You have an increased reservoir of magic. (+10% MP)
You shall have no god before yourself.
Your divine heritage dramatically boosts your attributes as you level up.


Message History

Aiming: Freeze (safe; 1% risk of failure)
Press: ? - help, Shift-Dir - straight line, f - kobold brigand
Aim: a kobold brigand, wielding a +0 club and quivering poisoned darts You freeze the kobold brigand.
The kobold brigand is lightly wounded.
The orc misses you.
The kobold brigand hits you but does no damage.
The orc hits you but does no damage.
You barely miss the kobold brigand.
The kobold brigand is lightly wounded.
The kobold brigand misses you.
The orc hits you from afar with a +0 trident.
* * * LOW HITPOINT WARNING * * *
Okay, then.
Okay, then.
Okay, then.
It was a potion of flight.
You feel very buoyant.
You fly up into the air.
The orc hits you with a +0 club.
* * * LOW HITPOINT WARNING * * *
The kobold brigand closely misses you. The orc misses you.
You closely miss the kobold brigand.
The kobold brigand is lightly wounded.
Your icy armour evaporates.
The kobold brigand hits you but does no damage.
The orc barely misses you.
Casting: Freeze (safe; 1% risk of failure)
Confirm with . or Enter, or press ? or * to list all spells.
A film of ice covers your body! The orc closely misses you.
The kobold brigand hits you with a +0 club.
* * * LOW HITPOINT WARNING * * *
The orc closely misses you.
You barely miss the kobold brigand.
The kobold brigand hits you with a +0 club.
* * * LOW HITPOINT WARNING * * *
The orc hits you from afar with a +0 trident.
* * * LOW HITPOINT WARNING * * *
The orc hits you but does no damage.
The orc hits you from afar with a +0 trident.
You die...

##......###.....####..#..#.....#.
###.....# #......##..#...#....###
.....#############.......#.......
.....# ...# ##..............
#....# ...# #....##.......#.
#....# #..# #.#..##....÷.###
.....# #oY##.##...........#
.##..#. #oK#..[..#))..)....
.#...#.# ##@#.....#.#.......
.....#..# ##..#.......#.......
))...##..# ##..##.......#..#.#..
.....# #..###..#†#.........##.#..
.....# #..#..#.##.....#...######
.....# #...#.#.#.##..##.##
[....######.######..#......#
..........................##
...........#....###...#.#.#


You could see an ice beast, a kobold brigand and 2 orcs.

Vanquished Creatures
  A two-headed ogre (D:6)
  Sigmund (D:5)
  A wyvern (D:6)
  An ice beast (D:5)
  An ogre (D:5)
  A phantom (D:5)
  A kobold brigand (D:6)
  A necrophage (D:5)
  A howler monkey (D:5)
  3 orc priests (D:6)
  7 hounds
  3 iguanas (D:5)
  3 orc wizards (D:6)
  3 gnolls
  6 adders
  2 ufetubi
  2 worms
  A dart slug (D:4)
  19 orcs
  6 ball pythons
  6 endoplasms
  3 giant cockroaches
  8 goblins
  5 hobgoblins
  7 jackals (D:2)
  10 kobolds
  5 quokkas
  6 bats
  4 frilled lizards
  6 rats
124 creatures vanquished.

Notes
Turn   | Place    | Note
-------+----------+-------------------------------------------
     0 | D:1      | avis the Demigod Ice Elementalist began the quest for the
                  | Orb.
     0 | D:1      | Reached XP level 1. HP: 14/14 MP: 5/5
   311 | D:1      | Reached XP level 2. HP: 19/20 MP: 4/7
   954 | D:2      | Reached skill level 1 in Ranged Weapons
   991 | D:2      | Reached XP level 3. HP: 26/26 MP: 6/8
  1568 | D:2      | Learned a level 3 spell: Ozocubu's Armour
  2498 | D:4      | Found a transporter.
  2655 | D:4      | Reached XP level 4. HP: 33/33 MP: 9/9
  2674 | D:4      | Found a transporter.
  2727 | D:4      | Noticed Arandomuser85's ghost (novice HOBe)
  3742 | D:5      | Entered Level 5 of the Dungeon
  3808 | D:5      | Noticed an ice beast
  3867 | D:5      | Reached XP level 5. HP: 38/38 MP: 7/10
  4091 | D:5      | Found a staircase to the Ecumenical Temple.
  4093 | D:5      | Noticed Sigmund
  4107 | D:5      | Killed Sigmund
  4108 | D:5      | Reached skill level 1 in Fighting
  4108 | D:5      | Reached skill level 5 in Ice Magic
  4108 | D:5      | Reached XP level 6. HP: 44/47 MP: 7/11
  4128 | Temple   | Entered the Ecumenical Temple
  4587 | D:5      | Reached skill level 5 in Ranged Weapons
  4757 | D:5      | Identified the +2 robe of the Intense God {Will+}
  4797 | D:5      | Reached XP level 7. HP: 31/52 MP: 7/13
  6264 | D:6      | Reached XP level 8. HP: 61/61 MP: 13/15
  6275 | D:6      | Noticed a two-headed ogre
  6295 | D:6      | Killed a two-headed ogre
  6308 | D:6      | HP: 3/61 [orc/+0 trident (1)]
  6308 | D:6      | Slain by an orc

Illustrated notes

Levels and vault maps discovered:
D:1:      wander_arrival_abandoned_jail, layout_rooms,
          dreamdust_ecumenical_altar_angels_and_demons, columned_hall_lemuel,
          minmay_pentomino_p4
D:2:      layout_loops_cross, serial_forest, infiniplex_forest_lined_3,
          infiniplex_forest_zigzag_2, infiniplex_forest_lined_room_,
          infiniplex_forest_end_double, infiniplex_forest_straight_4,
          nicolae_figureground_pulse
D:3:      layout_basic
D:4:      layout_layer_cave, gammafunk_ghost_stat_death, serial_glass,
          glass_columns_b, glass_columns_b
D:5:      layout_basic, temple_fountains, uniq_sigmund
D:6:      minmay_diamond_boxcup, layout_cave_pools, minitemple
Temple:   sentei_temple_godly_chess

Skill      XL: |  1  2  3  4  5  6  7  8 |
---------------+-------------------------+-----
Spellcasting   | 2 3 |  3.0
Ice Magic      | 4 5 6 7 |  7.1
Ranged Weapons | 1 2 4 5 6 7 |  7.9
Dodging        | 2 |  2.0
Stealth        | 2 |  2.0
Fighting       | 1 2 |  2.0

Action                   |  1- 3 |  4- 6 |  7- 9 || total
-------------------------+-------+-------+-------++-------
Melee: Flail             |       |    18 |    37 ||    55
       Punch             |       |       |     1 ||     1
 Fire: Sling             |   103 |    57 |    81 ||   241
 Cast: Freeze            |    43 |    20 |    46 ||   109
       Ozocubu's Armour  |       |     9 |    14 ||    23
  Use: Scroll            |       |     1 |       ||     1
       Potion            |       |       |     3 ||     3
Armor: Robe              |    13 |       |    58 ||    71
       Leather armour    |       |    21 |     1 ||    22
Dodge: Dodged            |    28 |    17 |    83 ||   128
